 Dungeon Crawl Stone Soup version 0.31-a0-222-gefeffbb62a (webtiles) character file.

Game seed: 16444250666407651681

518 qw the Shooter (level 7, -1/43 HPs)
             Began as a Gargoyle Hexslinger on July 4, 2023.
             Slain by an ogre
             ... wielding a +0 giant spiked club
              (19 damage)
             ... on level 6 of the Dungeon.
             The game lasted 00:01:02 (2880 turns).

qw the Shooter (Gargoyle Hexslinger)                Turns: 2880, Time: 00:01:02

Health: -1/43      AC: 11    Str: 12    XL:     7   Next: 21%
Magic:  8/8        EV: 12    Int: 13    God:
Gold:   287        SH:  0    Dex: 20    Spells: 7/8 levels left

rFire   . . .        Y - +2 sling
rCold   . . .        (no shield)
rNeg    + . .        g - +0 leather armour
rPois   inf          b - +2 helmet
rElec   +            (no cloak)
rCorr   .            (no gloves)
SInv    .            (no boots)
Will    .....        e - amulet of regeneration
Stlth   +            d - +6 ring of dexterity
HPRegen 1.07/turn    (no ring)
MPRegen 0.11/turn

%: no passive effects
@: no status effects
A: sickness immunity, AC +4, negative energy resistance 1, electricity
resistance, torment resistance 1, petrification resistance
a: no special abilities


You were on level 6 of the Dungeon.
You visited 1 branch of the dungeon, and saw 5 of its levels.

You collected 287 gold pieces.


Innate Abilities, Weirdness & Mutations

You are immune to sickness and miasma.
Your stone body is resilient. (AC +4)
You are immune to poison.
You resist negative energy. (rN+)
You are resistant to electric shocks. (rElec)
You are resistant to unholy torment.
You are immune to petrification.


   Skills:
 - Level 4.1 Fighting
 - Level 6.4 Ranged Weapons
 - Level 1.1 Armour
 + Level 1.5 Dodging
 - Level 1.0 Spellcasting
 - Level 2.6 Hexes


You had 7 spell levels left.
You knew the following spells:

 Your Spells              Type           Power      Damage    Failure   Level
a - Slow                  Hex            28%        N/A       12%         1

Your spell library contained the following spells:

 Spells                   Type           Power      Damage    Failure   Level
 Inner Flame              Hex/Fire       4%         N/A       52%         3
 Portal Projectile        Hex/Tloc       8%         N/A       52%         3
 Cause Fear               Hex            3%         N/A       75%         4

Inventory:

Hand Weapons
 Y - a +2 sling (weapon)
Armour
 b - a +2 helmet (worn)
 g - a +0 leather armour (worn)
 i - a +0 ring mail
Jewellery
 d - a +6 ring of dexterity (left hand)
 e - an amulet of regeneration (around neck)
Scrolls
 a - 3 scrolls of identify
 c - a scroll of blinking {unknown}
Potions
 f - a potion of cancellation
 h - a potion of heal wounds

Dungeon Overview and Level Annotations

Branches:
Dungeon (4/15)
 Temple: D:4-7

Altars:


Message History

The sling bullet closely misses the orc.
The orc hits you with a +0 flail.
You shoot a sling bullet. The sling bullet hits the orc.
You kill the orc!
You start resting.
You are no longer corroded.
HP restored.
Things that are here:
a +0 dagger; a +0 robe; a water moccasin corpse
Things that are here:
a +0 flail; a +0 scale mail; an orc corpse
i - a +0 ring mail
Things that are here:
a +0 mace; an orc corpse
Found a hand axe.
Found a buckler.
An ogre comes into view. It is wielding a +0 giant spiked club.
You shoot a sling bullet. The ogre shouts!
The sling bullet hits the ogre but does no damage.
You shoot a sling bullet. The sling bullet hits the ogre!
The ogre is moderately wounded.
You shoot a sling bullet. The sling bullet hits the ogre.
The ogre is moderately wounded.
You shoot a sling bullet. The sling bullet hits the ogre.
The ogre is moderately wounded.
The ogre misses you.
You shoot a sling bullet. The sling bullet hits the ogre.
The ogre is heavily wounded.
You shoot a sling bullet. The sling bullet hits the ogre.
The ogre is severely wounded.
The ogre hits you with a +0 giant spiked club!!
Ouch! That really hurt!
You shoot a sling bullet. The sling bullet hits the ogre!
The ogre is almost dead.
The ogre misses you.
You shoot a sling bullet. The sling bullet hits the ogre.
The ogre is almost dead.
The ogre hits you with a +0 giant spiked club!!
You die...

...#. ##+ .8.. ..
..[ . ####. ..###.#
.....###...#...
###.).#..8...8.
......O........
#.##..@....#
#####.##.......#
#.....###......#
#.....# #......#.##
#.....###....#.....
#....))..##.......#
#...))##.##.....#..
#.....##.##.....#
#.....##.##.....#


You could see an ogre.

Vanquished Creatures
  Menkaure (D:3)
  A water moccasin (D:6)
  A phantom (D:3)
  A jelly (D:6)
  Jessica (D:2)
  An orc wizard (D:6)
  4 adders (D:2)
  3 worms
  3 dart slugs
  3 orcs (D:6)
  6 ball pythons
  6 endoplasms
  11 hobgoblins
  8 jackals
  3 quokkas
  3 bats
  A frilled lizard (D:2)
  2 goblins
  7 kobolds
  7 rats
73 creatures vanquished.

Notes
Turn   | Place    | Note
-------+----------+-------------------------------------------
     0 | D:1      | qw the Gargoyle Hexslinger began the quest for the Orb.
     0 | D:1      | Reached XP level 1. HP: 12/12 MP: 2/2
     0 | D:1      | 0 ||| qw: Version: 0.3-a-46-gb1f654a
     0 | D:1      | 0 ||| qw: Game counter: 930
     0 | D:1      | 0 ||| qw: Melee chars always use a shield: true
     0 | D:1      | 0 ||| qw: God list: Okawaru
     0 | D:1      | 0 ||| qw: Allow faded altars: false
     0 | D:1      | 0 ||| qw: Do Orc after clearing Dungeon:15 true
     0 | D:1      | 0 ||| qw: Do second Lair branch before Depths: true
     0 | D:1      | 0 ||| qw: Lair rune preference: random
     0 | D:1      | 0 ||| qw: Goals: Normal
     0 | D:1      | 0 ||| PLANNING D:1-11
    90 | D:1      | Reached XP level 2. HP: 16/16 MP: 3/3
   189 | D:1      | Reached skill level 3 in Ranged Weapons
   756 | D:1      | 756 ||| READING 2 scrolls labelled JOUZXEIDOJ.
   757 | D:1      | 757 ||| READING 2 scrolls labelled GUUVVU FUXAC.
   758 | D:1      | 758 ||| READING scroll labelled SUDEYR WUANAJEDA.
   759 | D:1      | 759 ||| READING scroll labelled RAWNYWNIT QAPO.
   760 | D:1      | 760 ||| DROPPING scroll of poison.
   761 | D:1      | 761 ||| DROPPING scroll of immolation.
   783 | D:2      | Reached XP level 3. HP: 21/21 MP: 4/4
   889 | D:2      | Noticed Jessica
   892 | D:2      | Killed Jessica
   893 | D:2      | Reached XP level 4. HP: 26/26 MP: 5/5
   931 | D:2      | Reached skill level 4 in Ranged Weapons
  1667 | D:2      | 1667 ||| UPGRADING to +2 helmet.
  1672 | D:2      | 1672 ||| UPGRADING to +0 leather armour.
  1682 | D:2      | 1682 ||| DROPPING +0 robe.
  1683 | D:2      | 1683 ||| UPGRADING to +6 ring of dexterity.
  1684 | D:2      | 1684 ||| READING 4 scrolls labelled GISCHI QATIZXAE.
  1685 | D:2      | 1685 ||| READING 2 scrolls of identify.
  1685 | D:2      | 1685 ||| IDENTIFYING viscous purple potion
  1686 | D:2      | 1686 ||| DROPPING 3 scrolls of amnesia.
  1752 | D:3      | 1752 ||| PLANNING SEWER
  1817 | D:3      | Reached XP level 5. HP: 30/30 MP: 6/6
  2145 | D:3      | Found a faded altar of an unknown god.
  2297 | D:3      | Noticed a phantom
  2309 | D:3      | Killed a phantom
  2310 | D:3      | Reached skill level 5 in Ranged Weapons
  2397 | D:3      | 2397 ||| RIP SEWER
  2569 | D:3      | 2569 ||| PLANNING D:1-11
  2576 | D:3      | 2576 ||| UPGRADING to amulet of regeneration.
  2581 | D:3      | 2581 ||| READING scroll labelled IZXYLE RAN.
  2682 | D:3      | 2682 ||| READING scroll labelled UTHIUPS QILUENT.
  2683 | D:3      | 2683 ||| READING scroll labelled JIDDINIOKU.
  2684 | D:3      | 2684 ||| DRINKING 3 puce potions.
  2685 | D:3      | 2685 ||| READING 4 scrolls of identify.
  2685 | D:3      | 2685 ||| IDENTIFYING sapphire potion
  2686 | D:3      | 2686 ||| DROPPING 2 potions of magic.
  2692 | D:4      | Noticed Menkaure
  2694 | D:4      | 2694 ||| Stepping ~*~*~tactically~*~*~ (outnumbered).
  2705 | D:4      | 2705 ||| STAIRDANCE
  2708 | D:3      | Killed Menkaure
  2709 | D:3      | Reached XP level 6. HP: 19/38 MP: 7/7
  2805 | D:4      | You fall into a shaft and drop 2 floors!
  2815 | D:6      | Noticed a water moccasin
  2822 | D:6      | 2822 ||| Stepping ~*~*~tactically~*~*~ (outnumbered).
  2831 | D:6      | Killed a water moccasin
  2832 | D:6      | Reached skill level 6 in Ranged Weapons
  2832 | D:6      | Reached XP level 7. HP: 30/43 MP: 8/8
  2837 | D:6      | Reached skill level 1 in Armour
  2880 | D:6      | Slain by an ogre

Levels and vault maps discovered:
D:1:      matt_arrival_spirals, layout_basic, minmay_tromino_v4_b
D:2:      layout_basic, uniq_jessica
D:3:      layout_basic, portal_sewer_entry_e,
          dreamdust_ecumenical_altar_angels_and_demons,
          minmay_misc_feat_diagonals, grunt_ministairs_5
D:4:      cheibrodos_helix_gallery, layout_loops_corners, temple_doors_e,
          kennysheep_generic_room_9, uniq_natasha, uniq_menkaure
D:6:      layout_basic, okawaru_altar_gauntlet_db,
          minmay_misc_feat_four_crosses, st_stairs_7, uniq_pikel

Skill      XL: |  1  2  3  4  5  6  7 |
---------------+----------------------+-----
Ranged Weapons | 3 4 5 6 |  6.4
Fighting       | 2 4 |  4.1
Armour         | 1 |  1.1
Dodging        | |  1.5
Spellcasting   | |  1.0
Hexes          | |  2.6

Action                     |  1- 3 |  4- 6 |  7- 9 || total
---------------------------+-------+-------+-------++-------
   Fire: Sling             |    65 |   171 |    20 ||   256
    Use: Scroll            |     4 |     6 |       ||    10
         Potion            |       |     1 |       ||     1
 Armour: Robe              |     4 |     7 |       ||    11
         Leather armour    |       |    24 |     4 ||    28
  Dodge: Dodged            |     8 |    63 |    11 ||    82

Table legend:
 A = Non-vault XP
 B = Vault XP
 C = Vault XP percentage of total XP
 D = Non-vault monster count
 E = Vault monster count
 F = Vault count percentage of total count
                 A         B        C        D         E       F
            +---------+---------+-------+---------+---------+-------
      Total |     514 |     226 |  30.5 |      68 |       5 |   6.8
            +---------+---------+-------+---------+---------+-------
        D:1 |      30 |       2 |   6.2 |      16 |       1 |   5.9
        D:2 |      86 |      37 |  30.1 |      23 |       1 |   4.2
        D:3 |     151 |     187 |  55.3 |      22 |       3 |  12.0
        D:4 |       1 |       0 |   0.0 |       1 |       0 |   0.0
        D:6 |     246 |       0 |   0.0 |       6 |       0 |   0.0
            +---------+---------+-------+---------+---------+-------
